 Dungeon Crawl Stone Soup version 0.30-b1-2-g02819fbbbe (webtiles) character file.

Game seed: 16943866766269537383

707 MajorAdolf the Sneak (level 7, -2/99 HPs)
             Began as a Naga Wanderer on Dec 28, 2023.
             Was an Initiate of Gozag.
             Slain by Pikel
             ... wielding a +0 whip of electrocution
              (5 damage)
             ... on level 5 of the Dungeon.
             The game lasted 00:10:33 (5523 turns).

MajorAdolf the Sneak (Naga Wanderer)                Turns: 5523, Time: 00:10:34

Health: -2/99      AC: 10    Str: 16    XL:     7   Next: 67%
Magic:  7/7        EV:  8    Int: 12    God:    Gozag
Gold:   486        SH:  0    Dex: 11    Spells: 6/6 levels left

rFire   . . .        v - +1 dire flail (protect)
rCold   . . .        (shield currently unavailable)
rNeg    . . .        w - +4 ring mail
rPois   +            j - +0 helmet
rElec   .            (no cloak)
rCorr   .            (no gloves)
SInv    +            (no barding)
Will    .....        (no amulet) Stlth
                     y - ring of flight
HPRegen 0.36/turn    i - ring of wizardry
MPRegen 0.10/turn

%: wizardry (x1)
@: berserking, flying, quick
A: AC +2, large, see invisible, deformed body, poison resistance, slowness 2,
spit poison 1, naga tail 1
a: Spit Poison, Renounce Religion, Potion Petition, Call Merchant, Bribe Branch


You were on level 5 of the Dungeon.
You worshipped Gozag.
Gozag was aware of your devotion.
You visited 1 branch of the dungeon, and saw 5 of its levels.

You collected 511 gold pieces.
You paid 25 gold pieces to Gozag.

Inventory:

Hand Weapons
 a - a +0 long sword
 c - a +0 dagger
 u - a +2 mace of venom
 v - a +1 dire flail of protection (weapon)
Armour
 j - a +0 helmet (worn)
 k - a +0 robe
 w - a +4 ring mail (worn)
Jewellery
 i - a ring of wizardry (right hand)
 y - a ring of flight (left hand)
Wands
 b - a wand of mindburst (11) (quivered)
 r - a wand of light (11)
 s - a wand of roots (8)
 B - a wand of polymorph (7)
Scrolls
 e - 4 scrolls of identify {unknown}
 f - a scroll of silence {unknown}
 g - 2 scrolls of amnesia {unknown}
 h - a scroll of enchant weapon {unknown}
 l - a scroll of vulnerability {unknown}
 n - 2 scrolls of fear {unknown}
 o - 2 scrolls of fog {unknown}
 q - 2 scrolls of teleportation {unknown}
 x - 2 scrolls of blinking {unknown}
 A - 3 scrolls of immolation {unknown}
Potions
 d - a potion of attraction
 m - a potion of invisibility {unknown}
 p - a potion of berserk rage
 t - 2 potions of brilliance {unknown}
 z - a potion of heal wounds {unknown}


   Skills:
 + Level 4.4 Fighting
 - Level 1.0 Ranged Weapons
 - Level 2.4 Armour
 + Level 7.2 Stealth
 + Level 7.0 Evocations


You had 6 spell levels left.
You didn't know any spells.
Your spell library was empty.

Dungeon Overview and Level Annotations

Branches:
Dungeon (5/15)
 Temple: D:4-7

Altars:
Gozag
Wu Jian

Annotations:
D:2 1 runed translucent door, Crazy Yiuf
D:5 Pikel


Innate Abilities, Weirdness & Mutations

Your serpentine skin is tough. (AC +2)
You have supernaturally acute eyesight. (SInv)
Armour fits poorly on your strangely shaped body.
Your system is resistant to poisons. (rPois)
You cover ground very slowly.
You can spit poison.
You have a snake-like lower body.


Message History

Your life force feels restored.
Your Evocations skill increases to level 7!
The lemure is distracted by your dazzling golden aura.
A scorpion comes into view.
Pikel attacks as you move away! Pikel hits you but does no damage.
Pikel hits you with a +0 whip of electrocution.
You are electrocuted!
Pikel attacks as you move away! Pikel barely misses you.
Pikel attacks as you move away!
Pikel hits you with a +0 whip of electrocution.
You are electrocuted!
Pikel hits you but does no damage.
You are electrocuted!
* * * LOW HITPOINT WARNING * * *
Pikel attacks as you move away!
Pikel hits you with a +0 whip of electrocution.
* * * LOW HITPOINT WARNING * * *
You are electrocuted!
* * * LOW HITPOINT WARNING * * *
Okay, then.
Aiming: Bolt of Light
Press: ? - help, Shift-Dir - straight line, f - lemure
Aim: a lemure (67% to hit)
The bolt of light hits Pikel!
Pikel is heavily wounded.
Pikel is blinded.
The bolt of light misses the lemure.
You hear a shout!
Pikel hits you but does no damage.
You hear a shout!
Unknown command.
It was a potion of berserk rage.
A red film seems to cover your vision as you go berserk!
You feel yourself moving faster!
You feel mighty!
Pikel hits you with a +0 whip of electrocution.
* * * LOW HITPOINT WARNING * * *
Unknown command.
Okay, then.
You barely miss Pikel.
Pikel is heavily wounded.
Pikel hits you with a +0 whip of electrocution.
You die...
Your body crumbles into a pile of gold.

#...###.#l#
#.[.###5#.#
#.........#
..........l.#
###.#.#####.#####
#.#.#......l..#
#.<.......#5###
...#.#.#####K# ##
#. #@# #W #.# #.
#.# .. #<# ## ###


You could see Pikel (blind), a lemure and an iguana.

Vanquished Creatures
  Edmund (D:3)
  An ogre (D:4)
  A phantom (D:5)
  A vampire bat (D:4)
  2 orc priests
  2 hounds
  Robin (D:1)
  A gnoll (D:1)
  6 adders
  2 dart slugs
  3 fire bats (D:4)
  14 orcs
  2 spectral bats (D:4)
  3 bat skeletons (D:4)
  A bat zombie (D:4)
  8 endoplasms
  4 giant cockroaches
  12 goblins
  11 hobgoblins
  4 jackals (D:2)
  9 kobolds
  3 quokkas
  8 ball pythons
  14 bats
  A bat simulacrum (D:4)
  4 frilled lizards
  8 rats
127 creatures vanquished.

Vanquished Creatures (others)
  A plant (D:3)
1 creature vanquished.

Grand Total: 128 creatures vanquished

Notes
Turn   | Place    | Note
-------+----------+-------------------------------------------
     0 | D:1      | MajorAdolf the Naga Wanderer began the quest for the Orb.
     0 | D:1      | MajorAdolf set off with the following items: a +0 sling, a
                  | wand of mindburst (15), a +0 scale mail, a potion of
                  | attraction.
     0 | D:1      | Reached XP level 1. HP: 15/15 MP: 1/1
   181 | D:1      | Reached XP level 2. HP: 19/24 MP: 2/2
   390 | D:1      | Reached skill level 1 in Fighting
   487 | D:1      | Reached XP level 3. HP: 31/31 MP: 3/3
  1210 | D:1      | Found a faded altar of an unknown god.
  1359 | D:2      | Noticed Robin
  1760 | D:1      | HP: 1/32 [hobgoblin[Robin] (4)]
  1762 | D:1      | Reached XP level 4. HP: 2/39 MP: 4/4
  1926 | D:1      | Killed Robin
  2393 | D:2      | Found a runed translucent door.
  2394 | D:2      | Noticed Crazy Yiuf
  3130 | D:3      | Reached XP level 5. HP: 19/46 MP: 5/5
  3463 | D:3      | Found an opulent altar of Gozag.
  3480 | D:3      | Became a worshipper of Gozag Ym Sagoz the Greedy
  4132 | D:4      | Noticed an ogre
  4280 | D:4      | Noticed Edmund
  4300 | D:3      | Killed Edmund
  4301 | D:3      | Reached skill level 5 in Stealth
  4301 | D:3      | Reached XP level 6. HP: 11/56 MP: 6/6
  4487 | D:4      | Found an ornate altar of the Wu Jian Council.
  4598 | D:4      | Reached XP level 7. HP: 63/63 MP: 7/7
  5476 | D:5      | Entered Level 5 of the Dungeon
  5506 | D:5      | Noticed Pikel
  5522 | D:5      | HP: 2/99 [Pikel/+0 whip of electrocution (6)]
  5523 | D:5      | Slain by Pikel

Illustrated notes

Levels and vault maps discovered:
D:1:      lightli_arrival_quake, layout_rooms, hellmonk_ecumenical_altar_zigzags
D:2:      layout_loops_ring, uniq_robin, uniq_crazy_yiuf_cottage
D:3:      layout_loops_ring, lemuel_crystal_altar,
          chequers_serial_rivers_large_a, serial_bayou_crossing
D:4:      layout_basic, nzn_wu_jian_contemplation, kennysheep_big_empty_room,
          goddamned_bats, uniq_edmund
D:5:      layout_basic, minmay_shop_grid_forest, uniq_grinder, uniq_duvessa,
          uniq_pikel

Skill      XL: |  1  2  3  4  5  6  7 |
---------------+----------------------+-----
Stealth        | 2 3 4 5 6 7 |  7.2
Fighting       | 1 2 3 4 |  4.4
Evocations     | 6 7 |  7.0
Ranged Weapons | |  1.0
Armour         | |  2.4

Action                     |  1- 3 |  4- 6 |  7- 9 || total
---------------------------+-------+-------+-------++-------
  Melee: Club              |     1 |       |       ||     1
         Dagger            |    17 |       |       ||    17
         Long sword        |    47 |    93 |       ||   140
         Punch             |     1 |     3 |     1 ||     5
         Mace              |       |    53 |    95 ||   148
         Dire flail        |       |       |    14 ||    14
   Fire: Sling             |     1 |       |       ||     1
Ability: Spit Poison       |    37 |    14 |       ||    51
  Evoke: Wand              |     2 |     3 |     1 ||     6
    Use: Potion            |       |       |     1 ||     1
   Stab: Sleeping          |       |     8 |     3 ||    11
         Invisible         |       |     2 |       ||     2
 Armour: Scale mail        |     1 |       |       ||     1
         Skin              |    13 |     1 |       ||    14
         Robe              |       |    38 |       ||    38
         Ring mail         |       |    14 |   135 ||   149
  Dodge: Dodged            |    60 |   105 |   100 ||   265
